Senators vs Remparts
Created - April 23, 2020 at 19:25
Goals
|
| Senators |
1 |
2 |
2 |
5 |
| Remparts |
3 |
4 |
0 |
7 |
|
Shots
|
| Senators |
8 |
13 |
15 |
36 |
| Remparts |
14 |
13 |
4 |
31 |
|
1st period
1. Remparts , Rickard Rakell 24 (Pontus Aberg 38, Logan Stephenson 7) at 0:16
2. Remparts , Cedric Paquette 10 (Logan Stephenson 8, Jonathan Matsumoto 24) at 2:55
3. Senators , Jan Mursak 39 (Tomas Jurco 36, Chandler Stephenson 42) at 15:22 (PP)
4. Remparts , Brayden Point 14 (Logan Stephenson 9, Jerry D'Amigo 9) at 17:47
Penalties :
Tomas Jurco (BIN) for Interference (Minor) at 8:53, Logan Stephenson (Que) for Hooking (Minor) at 14:59
2nd period
5. Remparts , Brayden Point 15 (Jerry D'Amigo 10) at 6:47
6. Remparts , Cédric Lalonde-McNicoll 21 (William Colbert 34, Michal Jordan 32) at 9:36
7. Remparts , Rickard Rakell 25 (Michael Latta 25, Pontus Aberg 39) at 14:14
8. Remparts , Roberts Lipsbergs 3 (William Colbert 35, Cédric Lalonde-McNicoll 23) at 17:20
9. Senators , Dylan Blujus 5 (Zemgus Girgensons 62, Matt Frattin 66) at 17:32
10. Senators , Jake Evans 3 (Dylan Blujus 27, Chandler Stephenson 43) at 18:29
Penalties :
Michael Latta (Que) for Holding (Minor) at 1:00, Adam Ollas-Mattsson (BIN) for Hooking (Minor) at 14:53
3rd period
11. Senators , Michal Repik 17 (Jake Evans 8) at 0:42
12. Senators , Zemgus Girgensons 21 (Dylan Blujus 28, Matt Frattin 67) at 12:42 (PP)
Penalties :
John Draeger (Que) for Hooking (Minor) at 9:32, Logan Stephenson (Que) for Tripping (Minor) at 12:34
Goalie Stats
Justin Peters (BIN), 13 saves from 17 shots - (0.765), 26:47 minutes
Stephon Williams (BIN), 11 saves from 14 shots - (0.786), L, 7-5-5, 33:13 minutes
Igor Bobkov (Que), 31 saves from 36 shots - (0.861), W, 16-12-2, 60:00 minutes
Players Stats for Senators
Player Name G A P +/- PIM S H SB GA TA FO MP PP MP PK MP
------------------------------------------------------------------------------------
Adam Ollas-Mattsson 0 0 0 -2 2 0 2 0 0 0 0/0 19:29 1:42 0:56
Andy Andreoff 0 0 0 -2 0 3 2 0 1 0 0/1 9:38 0:00 0:12
Blake Coleman 0 0 0 -2 0 0 2 1 0 0 0/1 7:42 0:00 0:00
Brett Bulmer 0 0 0 0 0 0 0 0 0 0 0/0 0:29 0:00 0:00
Chandler Stephenson 0 2 2 -3 0 1 0 0 0 1 7/13 15:49 2:35 0:00
Dylan Blujus 1 2 3 -2 0 3 4 4 0 1 0/0 32:00 2:24 2:04
Grant Besse 0 0 0 -2 0 1 0 0 0 0 0/1 7:57 0:00 0:00
Jack Dougherty 0 0 0 -3 0 0 2 3 1 0 0/0 29:00 2:47 2:04
Jake Evans 1 1 2 2 0 2 0 1 0 0 6/9 12:18 0:00 0:00
Jan Mursak 1 0 1 -3 0 7 3 1 0 0 0/1 18:15 2:35 2:22
Mason Geertsen 0 0 0 -2 0 0 1 1 0 2 0/0 23:45 1:42 1:54
Matt Frattin 0 2 2 -1 0 6 1 0 0 1 0/2 21:02 1:54 1:24
Maxim Letunov 0 0 0 0 0 0 0 0 0 0 0/0 0:27 0:00 0:12
Michal Repik 1 0 1 2 0 2 1 0 1 0 0/0 12:18 0:00 0:00
Nick Foligno 0 0 0 -1 0 3 1 0 1 0 1/5 22:07 1:54 2:22
Patrick Maroon 0 0 0 2 0 3 0 1 0 0 0/0 13:42 0:00 1:24
Pontus Sjalin 0 0 0 1 0 0 2 0 0 0 0/0 14:08 0:23 0:58
Tomas Jurco 0 1 1 -3 2 2 3 0 1 0 0/1 15:48 2:35 0:00
Warren Foegele 0 0 0 0 0 0 0 0 0 0 0/0 0:25 0:00 0:00
Zemgus Girgensons 1 1 2 -1 0 3 1 0 1 0 22/40 19:41 1:54 0:00
Players Stats for Remparts
Player Name G A P +/- PIM S H SB GA TA FO MP PP MP PK MP
------------------------------------------------------------------------------------
Brayden Point 2 0 2 1 0 4 2 0 0 0 6/13 13:51 1:56 0:00
Cédric Lalonde-McNicoll 1 1 2 2 0 2 0 0 0 2 5/7 10:03 0:00 2:33
Cedric Paquette 1 0 1 1 0 1 1 0 0 0 0/0 14:17 0:00 0:50
Guillaume Desbiens 0 0 0 1 0 1 5 1 1 0 0/1 15:41 2:02 0:45
Jake Virtanen 0 0 0 2 0 1 1 0 0 0 2/2 7:26 0:00 0:00
Jerry D'Amigo 0 2 2 1 0 3 0 0 1 0 2/2 12:12 0:00 0:00
John Draeger 0 0 0 -1 2 0 0 4 0 0 0/0 18:35 0:00 1:59
Jonathan Matsumoto 0 1 1 1 0 2 2 1 1 0 5/7 15:51 2:02 1:06
Keaton Thompson 0 0 0 1 0 0 1 0 0 0 0/0 14:22 0:00 0:51
Logan Stephenson 0 3 3 4 4 2 2 0 0 0 0/0 27:17 1:38 1:39
Matt Puempel 0 0 0 1 0 0 0 0 0 0 0/1 11:52 0:00 0:00
Michael Latta 0 1 1 0 2 4 5 2 1 2 16/37 20:26 1:56 0:00
Michal Jordan 0 1 1 -1 0 2 1 2 0 0 0/0 14:45 2:20 0:00
Niklas Hansson 0 0 0 1 0 1 2 2 0 0 0/0 16:54 2:20 3:28
Pontus Aberg 0 2 2 0 0 1 1 0 0 1 2/3 21:03 2:02 0:00
Rickard Rakell 2 0 2 0 0 5 3 0 0 0 0/1 22:56 1:56 2:29
Roberts Lipsbergs 1 0 1 2 0 1 4 0 0 0 0/0 9:55 0:00 1:15
William Colbert 0 2 2 4 0 1 2 1 1 1 0/0 28:01 1:38 1:01
3 Stars
1 - Brayden Point (Que)
2 - Rickard Rakell (Que)
3 - William Colbert (Que)
Power Play
Senators - 2 on 4 Attempt(s) - 50.00%
Remparts - 0 on 2 Attempt(s) - 0.00%
Penalty Kill
Senators - 2 on 2 Attempt(s) - 100.00%
- Score 0 goal in Penalty Kill
Remparts - 2 on 4 Attempt(s) - 50.00%
- Score 0 goal in Penalty Kill
Team Stat
Senators - Hits : 25 - Faceoff Wins : 36 - Blocked Shots : 12 - Penalty Minutes : 4
Remparts - Hits : 32 - Faceoff Wins : 38 - Blocked Shots : 13 - Penalty Minutes : 8
Official
Referees : Unknown
Linesman : Unknown
Game Notes
Stephon Williams enters game at 6:47 of 2nd period
Michal Jordan is injured at 6:43 of 3rd period (Groin)
Finance
Level 1 -- Attendance: 1716 (85.80%) -- Ticket Income $51,480
Level 2 -- Attendance: 702 (70.20%) -- Ticket Income $14,040
Total Attendance: 2418 (80.60%)
Total Ticket Income: $65,520
Other Income: $3,276
Total Income: $68,796
Senators
5 vs 5 Forward
Center Left Wing Right Wing Time % Phy DF OF
1 Zemgus Girgensons Nick Foligno Matt Frattin 40 1 2 2
2 Chandler Stephenson Jan Mursak Tomas Jurco 30 1 2 2
3 Jake Evans Patrick Maroon Michal Repik 20 1 2 2
4 Blake Coleman Andy Andreoff Grant Besse 10 1 2 2
5 vs 5 Defense
Defense Defense Time % Phy DF OF
1 Dylan Blujus Jack Dougherty 40 1 2 2
2 Mason Geertsen Adam Ollas-Mattsson 30 1 2 2
3 Pontus Sjalin Dylan Blujus 20 1 2 2
4 Jack Dougherty Mason Geertsen 10 1 2 2
PowerPlay Forward
Center Left Wing Right Wing Time % Phy DF OF
1 Zemgus Girgensons Nick Foligno Matt Frattin 60 1 2 2
2 Chandler Stephenson Jan Mursak Tomas Jurco 40 1 2 2
PowerPlay Defense
Defense Defense Time % Phy DF OF
1 Dylan Blujus Jack Dougherty 60 1 2 2
2 Mason Geertsen Adam Ollas-Mattsson 40 1 2 2
Penalty Kill 4 Players Forward
Center Wing Time % Phy DF OF
1 Nick Foligno Jan Mursak 60 1 2 2
2 Matt Frattin Patrick Maroon 40 1 2 2
Penalty Kill 4 Players Defense
Defense Defense Time % Phy DF OF
1 Dylan Blujus Jack Dougherty 60 1 2 2
2 Mason Geertsen Adam Ollas-Mattsson 40 1 2 2
Penalty Kill - 3 Players Forward
Forward Time % Phy DF OF
1 Nick Foligno 60 1 2 2
2 Jan Mursak 40 1 2 2
Penalty Kill - 3 Players Defense
Defense Defense Time % Phy DF OF
1 Dylan Blujus Jack Dougherty 60 1 2 2
2 Mason Geertsen Adam Ollas-Mattsson 40 1 2 2
4 vs 4 Forward
Center Wing Time % Phy DF OF
1 Nick Foligno Jan Mursak 60 1 2 2
2 Matt Frattin Patrick Maroon 40 1 2 2
4 vs 4 Defense
Defense Defense Time % Phy DF OF
1 Dylan Blujus Jack Dougherty 60 1 2 2
2 Mason Geertsen Adam Ollas-Mattsson 40 1 2 2
Last Minutes Offensive
Center Left Wing Right Wing Defense Defense
Zemgus Girgensons Nick Foligno Matt Frattin Dylan Blujus Jack Dougherty
Last Minutes Defensive
Center Left Wing Right Wing Defense Defense
Zemgus Girgensons Nick Foligno Matt Frattin Dylan Blujus Jack Dougherty
Goaltenders
Starting : Justin Peters
Backup : Stephon Williams
Extra Forwards
Normal : Brett Bulmer, Warren Foegele, Maxim Letunov - PP : Brett Bulmer, Warren Foegele - PK : Maxim Letunov
Extra Defensemen
Normal : Pontus Sjalin, Adam Ollas-Mattsson, Dylan Blujus - PP : Pontus Sjalin - PK : Adam Ollas-Mattsson, Dylan Blujus
Penalty Shots
Nick Foligno, Jan Mursak, Matt Frattin, Patrick Maroon, Tomas Jurco
Scratches
Scott Harrington (Strained Back Injury), Keegan Lowe (Bruised Right Shoulder Injury), Keven Bouchard (Healthy)
Remparts
5 vs 5 Forward
Center Left Wing Right Wing Time % Phy DF OF
1 Michael Latta Pontus Aberg Rickard Rakell 40 0 2 3
2 Jonathan Matsumoto Cedric Paquette Guillaume Desbiens 30 0 2 3
3 Brayden Point Matt Puempel Jerry D'Amigo 20 0 3 2
4 Cédric Lalonde-McNicoll Roberts Lipsbergs Jake Virtanen 10 1 2 2
5 vs 5 Defense
Defense Defense Time % Phy DF OF
1 Logan Stephenson William Colbert 40 0 2 3
2 Michal Jordan John Draeger 30 1 2 2
3 Niklas Hansson Keaton Thompson 20 1 2 2
4 Logan Stephenson William Colbert 10 1 2 2
PowerPlay Forward
Center Left Wing Right Wing Time % Phy DF OF
1 Brayden Point Michael Latta Rickard Rakell 60 0 1 4
2 Jonathan Matsumoto Pontus Aberg Guillaume Desbiens 40 0 1 4
PowerPlay Defense
Defense Defense Time % Phy DF OF
1 Logan Stephenson William Colbert 60 0 2 3
2 Michal Jordan Niklas Hansson 40 0 2 3
Penalty Kill 4 Players Forward
Center Wing Time % Phy DF OF
1 Cédric Lalonde-McNicoll Rickard Rakell 60 1 3 1
2 Jonathan Matsumoto Guillaume Desbiens 40 1 3 1
Penalty Kill 4 Players Defense
Defense Defense Time % Phy DF OF
1 Niklas Hansson John Draeger 60 1 4 0
2 William Colbert Logan Stephenson 40 1 4 0
Penalty Kill - 3 Players Forward
Forward Time % Phy DF OF
1 Cédric Lalonde-McNicoll 60 1 3 1
2 Rickard Rakell 40 1 3 1
Penalty Kill - 3 Players Defense
Defense Defense Time % Phy DF OF
1 Niklas Hansson John Draeger 60 1 4 0
2 William Colbert Logan Stephenson 40 1 4 0
4 vs 4 Forward
Center Wing Time % Phy DF OF
1 Brayden Point Rickard Rakell 60 0 2 3
2 Jonathan Matsumoto Pontus Aberg 40 0 2 3
4 vs 4 Defense
Defense Defense Time % Phy DF OF
1 Logan Stephenson William Colbert 60 0 2 3
2 Michal Jordan John Draeger 40 1 2 2
Last Minutes Offensive
Center Left Wing Right Wing Defense Defense
Brayden Point Michael Latta Rickard Rakell Logan Stephenson William Colbert
Last Minutes Defensive
Center Left Wing Right Wing Defense Defense
Cédric Lalonde-McNicoll Pontus Aberg Rickard Rakell Logan Stephenson Niklas Hansson
Goaltenders
Starting : Igor Bobkov
Backup : Garret Sparks
Extra Forwards
Normal : Pontus Aberg, Michael Latta, Brayden Point - PP : Pontus Aberg, Brayden Point - PK : Jonathan Matsumoto
Extra Defensemen
Normal : William Colbert, Logan Stephenson, Michal Jordan - PP : Niklas Hansson - PK : Michal Jordan, Niklas Hansson
Penalty Shots
Jonathan Matsumoto, Pontus Aberg, Brayden Point, Rickard Rakell, Michael Latta
Scratches
Viktor Baldayev (Back Spasms Injury), Juuso Ikonen (Healthy), Michael Downing (Healthy), Colin Smith (Healthy), Kyle Platzer (Healthy)
Connor Honey (Healthy), Anton Zlobin (Healthy), Mitchell Heard (Healthy), Tim Bozon (Healthy), Nelson Nogier (Healthy)
Marek Langhamer (Healthy)
% Time on Ice - Senators
Lines # - Real PCT - Wanted PCT - Time Play
Normal Forward
1 - 36% - 40% - 18:19
2 - 26% - 30% - 13:14
3 - 24% - 20% - 12:18
4 - 15% - 10% - 7:42
Normal Defense
1 - 39% - 40% - 20:08
2 - 32% - 30% - 16:23
3 - 21% - 20% - 11:03
4 - 8% - 10% - 3:59
PP Forward
1 - 42% - 60% - 1:54
2 - 58% - 40% - 2:35
PP Defense
1 - 62% - 60% - 2:47
2 - 38% - 40% - 1:42
PK Forward
1 - 65% - 60% - 2:34
2 - 35% - 40% - 1:24
PK Defense
1 - 52% - 60% - 2:04
2 - 48% - 40% - 1:54
PK3 Forward
1 - 0% - 60%
2 - 0% - 40%
PK3 Defense
1 - 0% - 60%
2 - 0% - 40%
44 Forward
1 - 0% - 60%
2 - 0% - 40%
44 Defense
1 - 0% - 60%
2 - 0% - 40%
Last Minute Offensive - 0:00
Last Minute Defensive - 0:00
Total
Forward - 60:00
Defense - 60:00
|
% Time on Ice - Remparts
Lines # - Real PCT - Wanted PCT - Time Play
Normal Forward
1 - 39% - 40% - 19:59
2 - 24% - 30% - 12:30
3 - 23% - 20% - 11:38
4 - 14% - 10% - 7:26
Normal Defense
1 - 39% - 40% - 20:14
2 - 34% - 30% - 17:19
3 - 21% - 20% - 10:38
4 - 7% - 10% - 3:22
PP Forward
1 - 49% - 60% - 1:56
2 - 51% - 40% - 2:02
PP Defense
1 - 41% - 60% - 1:38
2 - 59% - 40% - 2:20
PK Forward
1 - 83% - 60% - 3:44
2 - 17% - 40% - 0:45
PK Defense
1 - 77% - 60% - 3:28
2 - 23% - 40% - 1:01
PK3 Forward
1 - 0% - 60%
2 - 0% - 40%
PK3 Defense
1 - 0% - 60%
2 - 0% - 40%
44 Forward
1 - 0% - 60%
2 - 0% - 40%
44 Defense
1 - 0% - 60%
2 - 0% - 40%
Last Minute Offensive - 0:00
Last Minute Defensive - 0:00
Total
Forward - 60:00
Defense - 60:00
|
Play-by-Play
1st period
0:01 of 1st period - Zemgus Girgensons wins face-off versus Michael Latta in neutral zone.
0:06 of 1st period - Snap shot by Zemgus Girgensons.
0:06 of 1st period - Stopped by Igor Bobkov without a rebound.
0:07 of 1st period - Zemgus Girgensons wins face-off versus Michael Latta in Remparts zone.
0:10 of 1st period - Wrist shot by Nick Foligno.
0:10 of 1st period - Shot Blocked by Michael Latta.
0:16 of 1st period - Wrist shot by Rickard Rakell.
0:16 of 1st period - Goal by Rickard Rakell - Senators : 0 - Remparts : 1.
0:17 of 1st period - Chandler Stephenson wins face-off versus Jonathan Matsumoto in neutral zone.
0:20 of 1st period - Michal Jordan is hit by Jan Mursak and loses puck.
0:27 of 1st period - Snap shot by Jan Mursak.
0:27 of 1st period - Deflect By Tomas Jurco.
0:27 of 1st period - Stopped by Igor Bobkov with a rebound.
0:29 of 1st period - Slapshot by Adam Ollas-Mattsson.
0:29 of 1st period - Shot Misses the Net.
0:31 of 1st period - Wrist shot by Jan Mursak.
0:31 of 1st period - Deflect By Tomas Jurco.
0:31 of 1st period - Shot Blocked by Jonathan Matsumoto.
0:31 of 1st period - Puck is out of play.
0:32 of 1st period - Brayden Point wins face-off versus Jake Evans in Remparts zone.
0:39 of 1st period - Slapshot by Brayden Point.
0:39 of 1st period - Stopped by Justin Peters without a rebound.
0:40 of 1st period - Jake Evans wins face-off versus Brayden Point in Senators zone.
0:53 of 1st period - Slapshot by Brayden Point.
0:53 of 1st period - Shot Blocked by Patrick Maroon.
1:05 of 1st period - Snap shot by Patrick Maroon.
1:05 of 1st period - Deflect By Nick Foligno.
1:05 of 1st period - Shot Blocked by Niklas Hansson.
1:05 of 1st period - Puck is out of play.
1:06 of 1st period - Michael Latta wins face-off versus Matt Frattin in Remparts zone.
2:16 of 1st period - Off-side.
2:17 of 1st period - Michael Latta wins face-off versus Chandler Stephenson in neutral zone.
2:20 of 1st period - Snap shot by Michael Latta.
2:20 of 1st period - Stopped by Justin Peters with a rebound.
2:42 of 1st period - Jack Dougherty is hit by Guillaume Desbiens and loses puck.
2:51 of 1st period - Snap shot by Guillaume Desbiens.
2:51 of 1st period - Shot Blocked by Blake Coleman.
2:53 of 1st period - Snap shot by Jonathan Matsumoto.
2:53 of 1st period - Stopped by Justin Peters with a rebound.
2:55 of 1st period - Snap shot by Logan Stephenson.
2:55 of 1st period - Deflect By Cedric Paquette.
2:55 of 1st period - Goal by Cedric Paquette - Senators : 0 - Remparts : 2.
2:56 of 1st period - Chandler Stephenson wins face-off versus Guillaume Desbiens in neutral zone.
3:02 of 1st period - Icing by William Colbert.
3:03 of 1st period - Jonathan Matsumoto wins face-off versus Chandler Stephenson in Remparts zone.
3:07 of 1st period - Off-side.
3:08 of 1st period - Chandler Stephenson wins face-off versus Michael Latta in neutral zone.
4:46 of 1st period - Slapshot by Andy Andreoff.
4:46 of 1st period - Stopped by Igor Bobkov without a rebound.
4:47 of 1st period - Zemgus Girgensons wins face-off versus Michael Latta in Remparts zone.
4:58 of 1st period - Wrist shot by Nick Foligno.
4:58 of 1st period - Shot Misses the Net.
5:09 of 1st period - Icing by Mason Geertsen.
5:10 of 1st period - Chandler Stephenson wins face-off versus Brayden Point in Senators zone.
5:17 of 1st period - Slapshot by Michal Jordan.
5:17 of 1st period - Stopped by Justin Peters with a rebound.
5:19 of 1st period - Slapshot by Michal Jordan.
5:19 of 1st period - Shot Blocked by Jan Mursak.
5:39 of 1st period - Nick Foligno is hit by Rickard Rakell and loses puck.
6:02 of 1st period - Dylan Blujus is hit by Roberts Lipsbergs and loses puck.
6:13 of 1st period - Logan Stephenson is hit by Andy Andreoff and loses puck.
6:56 of 1st period - Slapshot by Jonathan Matsumoto.
6:56 of 1st period - Shot Misses the Net.
8:31 of 1st period - Wrist shot by Jerry D'Amigo.
8:31 of 1st period - Stopped by Justin Peters without a rebound.
8:32 of 1st period - Michael Latta wins face-off versus Chandler Stephenson in Senators zone.
8:53 of 1st period - Minor Penalty to Tomas Jurco for Interference.
8:54 of 1st period - Jonathan Matsumoto wins face-off versus Nick Foligno in Senators zone.
9:05 of 1st period - Snap shot by Jonathan Matsumoto.
9:05 of 1st period - Shot Misses the Net.
9:07 of 1st period - Slapshot by Michal Jordan.
9:07 of 1st period - Stopped by Justin Peters without a rebound.
9:08 of 1st period - Brayden Point wins face-off versus Nick Foligno in Senators zone.
9:23 of 1st period - Wrist shot by Nick Foligno.
9:23 of 1st period - Shot Misses the Net.
10:11 of 1st period - Snap shot by Patrick Maroon.
10:11 of 1st period - Shot Hit the Post.
10:13 of 1st period - Wrist shot by Matt Frattin.
10:13 of 1st period - Stopped by Igor Bobkov without a rebound.
10:14 of 1st period - Jonathan Matsumoto wins face-off versus Matt Frattin in Remparts zone.
10:21 of 1st period - Snap shot by Matt Frattin.
10:21 of 1st period - Stopped by Igor Bobkov without a rebound.
10:22 of 1st period - Nick Foligno wins face-off versus Brayden Point in Remparts zone.
10:27 of 1st period - Snap shot by Nick Foligno.
10:27 of 1st period - Stopped by Igor Bobkov with a rebound.
10:53 of 1st period - Penalty to Tomas Jurco is over, Tomas Jurco is back on ice.
11:01 of 1st period - Patrick Maroon is hit by Pontus Aberg and loses puck.
11:54 of 1st period - Wrist shot by Patrick Maroon.
11:54 of 1st period - Shot Misses the Net.
11:56 of 1st period - Snap shot by Michal Repik.
11:56 of 1st period - Shot Misses the Net.
12:36 of 1st period - Wrist shot by Jan Mursak.
12:36 of 1st period - Shot Blocked by John Draeger.
13:26 of 1st period - Niklas Hansson is hit by Matt Frattin and loses puck.
13:33 of 1st period - Matt Frattin is hit by Rickard Rakell and loses puck.
13:48 of 1st period - Snap shot by Jan Mursak.
13:48 of 1st period - Stopped by Igor Bobkov with a rebound.
13:50 of 1st period - Wrist shot by Tomas Jurco.
13:50 of 1st period - Shot Misses the Net.
13:52 of 1st period - Slapshot by Andy Andreoff.
13:52 of 1st period - Shot Misses the Net.
13:54 of 1st period - Wrist shot by Jan Mursak.
13:54 of 1st period - Shot Blocked by Guillaume Desbiens.
14:11 of 1st period - Michal Repik is hit by Roberts Lipsbergs and loses puck.
14:32 of 1st period - Nick Foligno is hit by Logan Stephenson and loses puck.
14:43 of 1st period - Zemgus Girgensons is hit by Jonathan Matsumoto.
14:59 of 1st period - Minor Penalty to Logan Stephenson for Hooking.
15:00 of 1st period - Cédric Lalonde-McNicoll wins face-off versus Zemgus Girgensons in Remparts zone.
15:13 of 1st period - Snap shot by Rickard Rakell.
15:13 of 1st period - Shot Misses the Net.
15:15 of 1st period - Slapshot by Niklas Hansson.
15:15 of 1st period - Stopped by Justin Peters without a rebound.
15:16 of 1st period - Chandler Stephenson wins face-off versus Cédric Lalonde-McNicoll in Senators zone.
15:16 of 1st period - Chandler Stephenson is hit by Rickard Rakell.
15:22 of 1st period - Wrist shot by Jan Mursak.
15:22 of 1st period - Goal by Jan Mursak - Senators : 1 - Remparts : 2.
15:23 of 1st period - Michael Latta wins face-off versus Zemgus Girgensons in neutral zone.
15:29 of 1st period - Off-side.
15:30 of 1st period - Zemgus Girgensons wins face-off versus Pontus Aberg in neutral zone.
15:37 of 1st period - Wrist shot by Pontus Aberg.
15:37 of 1st period - Stopped by Justin Peters with a rebound.
15:39 of 1st period - Slapshot by Logan Stephenson.
15:39 of 1st period - Shot Blocked by Jack Dougherty.
15:41 of 1st period - Wrist shot by Rickard Rakell.
15:41 of 1st period - Stopped by Justin Peters without a rebound.
15:42 of 1st period - Zemgus Girgensons wins face-off versus Michael Latta in Senators zone.
15:42 of 1st period - Zemgus Girgensons is hit by William Colbert.
16:08 of 1st period - Logan Stephenson is hit by Jan Mursak and loses puck.
17:33 of 1st period - Snap shot by Jerry D'Amigo.
17:33 of 1st period - Stopped by Justin Peters without a rebound.
17:34 of 1st period - Jerry D'Amigo wins face-off versus Chandler Stephenson in Senators zone.
17:45 of 1st period - Snap shot by Jerry D'Amigo.
17:45 of 1st period - Shot Blocked by Dylan Blujus.
17:47 of 1st period - Slapshot by Logan Stephenson.
17:47 of 1st period - Deflect By Brayden Point.
17:47 of 1st period - Goal by Brayden Point - Senators : 1 - Remparts : 3.
17:48 of 1st period - Zemgus Girgensons wins face-off versus Michael Latta in neutral zone.
18:14 of 1st period - Jonathan Matsumoto is hit by Tomas Jurco and loses puck.
18:45 of 1st period - Slapshot by Brayden Point.
18:45 of 1st period - Stopped by Justin Peters with a rebound.
Goals for this period are 1 for Senators vs 3 for Remparts.
Shots for this period are 8 for Senators vs 14 for Remparts.
2nd period
0:01 of 2nd period - Michael Latta wins face-off versus Zemgus Girgensons in neutral zone.
0:05 of 2nd period - Slapshot by Logan Stephenson.
0:05 of 2nd period - Stopped by Justin Peters without a rebound.
0:06 of 2nd period - Zemgus Girgensons wins face-off versus Michael Latta in Senators zone.
0:31 of 2nd period - Snap shot by Guillaume Desbiens.
0:31 of 2nd period - Shot Misses the Net.
0:33 of 2nd period - Wrist shot by William Colbert.
0:33 of 2nd period - Shot Misses the Net.
0:35 of 2nd period - Slapshot by Guillaume Desbiens.
0:35 of 2nd period - Deflect By Dylan Blujus.
0:35 of 2nd period - Shot Misses the Net.
0:35 of 2nd period - Puck is out of play.
0:36 of 2nd period - Chandler Stephenson wins face-off versus Jonathan Matsumoto in Senators zone.
0:43 of 2nd period - Snap shot by Chandler Stephenson.
0:43 of 2nd period - Shot Hit the Post.
0:45 of 2nd period - Slapshot by Jan Mursak.
0:45 of 2nd period - Stopped by Igor Bobkov with a rebound.
0:47 of 2nd period - Slapshot by Jack Dougherty.
0:47 of 2nd period - Shot Misses the Net.
0:49 of 2nd period - Slapshot by Tomas Jurco.
0:49 of 2nd period - Shot Blocked by Michal Jordan.
0:51 of 2nd period - Snap shot by Chandler Stephenson.
0:51 of 2nd period - Deflect By Jan Mursak.
0:51 of 2nd period - Shot Blocked by John Draeger.
0:51 of 2nd period - Puck is out of play.
0:52 of 2nd period - Zemgus Girgensons wins face-off versus Michael Latta in Remparts zone.
1:00 of 2nd period - Minor Penalty to Michael Latta for Holding.
1:01 of 2nd period - Cédric Lalonde-McNicoll wins face-off versus Nick Foligno in Remparts zone.
1:15 of 2nd period - Snap shot by Nick Foligno.
1:15 of 2nd period - Deflect By Zemgus Girgensons.
1:15 of 2nd period - Stopped by Igor Bobkov without a rebound.
1:16 of 2nd period - Cédric Lalonde-McNicoll wins face-off versus Zemgus Girgensons in Remparts zone.
1:43 of 2nd period - Niklas Hansson is hit by Jan Mursak and loses puck.
2:42 of 2nd period - Jack Dougherty is hit by Roberts Lipsbergs.
3:00 of 2nd period - Penalty to Michael Latta is over, Michael Latta is back on ice.
3:15 of 2nd period - Adam Ollas-Mattsson is hit by Brayden Point and loses puck.
3:35 of 2nd period - Mason Geertsen is hit by Guillaume Desbiens and loses puck.
4:14 of 2nd period - Michal Jordan is hit by Blake Coleman and loses puck.
4:37 of 2nd period - Adam Ollas-Mattsson is hit by Michael Latta and loses puck.
5:04 of 2nd period - Chandler Stephenson is hit by Niklas Hansson and loses puck.
5:49 of 2nd period - Dylan Blujus is hit by Jonathan Matsumoto and loses puck.
6:00 of 2nd period - Jan Mursak is hit by William Colbert and loses puck.
6:11 of 2nd period - Michael Latta is hit by Dylan Blujus and loses puck.
6:18 of 2nd period - Andy Andreoff is hit by Michael Latta and loses puck.
6:31 of 2nd period - Backhand shot by Jake Evans.
6:31 of 2nd period - Shot Hit the Post.
6:45 of 2nd period - Wrist shot by Jerry D'Amigo.
6:45 of 2nd period - Stopped by Justin Peters without a rebound.
6:46 of 2nd period - Jerry D'Amigo wins face-off versus Zemgus Girgensons in Senators zone.
6:47 of 2nd period - Backhand shot by Brayden Point.
6:47 of 2nd period - Goal by Brayden Point - Senators : 1 - Remparts : 4.
6:47 of 2nd period - Stephon Williams enters game.
6:48 of 2nd period - Michael Latta wins face-off versus Zemgus Girgensons in neutral zone.
7:27 of 2nd period - Snap shot by Jan Mursak.
7:27 of 2nd period - Stopped by Igor Bobkov without a rebound.
7:28 of 2nd period - Brayden Point wins face-off versus Chandler Stephenson in Remparts zone.
8:27 of 2nd period - Snap shot by Jonathan Matsumoto.
8:27 of 2nd period - Stopped by Stephon Williams without a rebound.
8:28 of 2nd period - Brayden Point wins face-off versus Zemgus Girgensons in Senators zone.
8:45 of 2nd period - Brayden Point is hit by Dylan Blujus and loses puck.
8:56 of 2nd period - Snap shot by Logan Stephenson.
8:56 of 2nd period - Stopped by Stephon Williams with a rebound.
8:58 of 2nd period - Slapshot by Pontus Aberg.
8:58 of 2nd period - Deflect By Rickard Rakell.
8:58 of 2nd period - Shot Misses the Net.
8:58 of 2nd period - Puck is out of play.
8:59 of 2nd period - Michael Latta wins face-off versus Tomas Jurco in Senators zone.
9:08 of 2nd period - Snap shot by Rickard Rakell.
9:08 of 2nd period - Shot Misses the Net.
9:10 of 2nd period - Snap shot by Pontus Aberg.
9:10 of 2nd period - Shot Hit the Post.
9:12 of 2nd period - Slapshot by Michal Jordan.
9:12 of 2nd period - Shot Misses the Net.
9:14 of 2nd period - Slapshot by John Draeger.
9:14 of 2nd period - Deflect By Michael Latta.
9:14 of 2nd period - Stopped by Stephon Williams with a rebound.
9:24 of 2nd period - Mason Geertsen is hit by Jake Virtanen.
9:36 of 2nd period - Slapshot by Cédric Lalonde-McNicoll.
9:36 of 2nd period - Goal by Cédric Lalonde-McNicoll - Senators : 1 - Remparts : 5.
9:37 of 2nd period - Michael Latta wins face-off versus Zemgus Girgensons in neutral zone.
9:48 of 2nd period - Backhand shot by Pontus Aberg.
9:48 of 2nd period - Deflect By Rickard Rakell.
9:48 of 2nd period - Shot Blocked by Dylan Blujus.
9:48 of 2nd period - Puck is out of play.
9:49 of 2nd period - Zemgus Girgensons wins face-off versus Michael Latta in Senators zone.
10:14 of 2nd period - Dylan Blujus is hit by Logan Stephenson and loses puck.
10:33 of 2nd period - John Draeger is hit by Michal Repik and loses puck.
10:40 of 2nd period - Snap shot by Patrick Maroon.
10:40 of 2nd period - Shot Misses the Net.
10:42 of 2nd period - Slapshot by Dylan Blujus.
10:42 of 2nd period - Shot Misses the Net.
10:44 of 2nd period - Slapshot by Dylan Blujus.
10:44 of 2nd period - Shot Misses the Net.
10:56 of 2nd period - Wrist shot by Andy Andreoff.
10:56 of 2nd period - Stopped by Igor Bobkov without a rebound.
10:57 of 2nd period - Jake Virtanen wins face-off versus Grant Besse in Remparts zone.
10:57 of 2nd period - Jake Virtanen is hit by Andy Andreoff.
11:27 of 2nd period - Slapshot by Grant Besse.
11:27 of 2nd period - Shot Misses the Net.
11:29 of 2nd period - Slapshot by Mason Geertsen.
11:29 of 2nd period - Deflect By Andy Andreoff.
11:29 of 2nd period - Shot Misses the Net.
11:29 of 2nd period - Puck is out of play.
11:30 of 2nd period - Michael Latta wins face-off versus Zemgus Girgensons in Remparts zone.
11:37 of 2nd period - Dylan Blujus is hit by Michael Latta and loses puck.
11:56 of 2nd period - Michal Jordan is hit by Pontus Sjalin and loses puck.
12:17 of 2nd period - Snap shot by Dylan Blujus.
12:17 of 2nd period - Deflect By Brayden Point.
12:17 of 2nd period - Stopped by Igor Bobkov without a rebound.
12:18 of 2nd period - Jake Evans wins face-off versus Matt Puempel in Remparts zone.
12:31 of 2nd period - Snap shot by Patrick Maroon.
12:31 of 2nd period - Deflect By Logan Stephenson.
12:31 of 2nd period - Stopped by Igor Bobkov with a rebound.
12:33 of 2nd period - Slapshot by Mason Geertsen.
12:33 of 2nd period - Deflect By Patrick Maroon.
12:33 of 2nd period - Deflect By William Colbert.
12:33 of 2nd period - Stopped by Igor Bobkov without a rebound.
12:34 of 2nd period - Michael Latta wins face-off versus Zemgus Girgensons in Remparts zone.
12:38 of 2nd period - Off-side.
12:39 of 2nd period - Michael Latta wins face-off versus Zemgus Girgensons in neutral zone.
13:58 of 2nd period - Wrist shot by Cédric Lalonde-McNicoll.
13:58 of 2nd period - Stopped by Stephon Williams without a rebound.
13:59 of 2nd period - Pontus Aberg wins face-off versus Chandler Stephenson in Senators zone.
14:12 of 2nd period - Wrist shot by Rickard Rakell.
14:12 of 2nd period - Stopped by Stephon Williams with a rebound.
14:14 of 2nd period - Slapshot by Rickard Rakell.
14:14 of 2nd period - Goal by Rickard Rakell - Senators : 1 - Remparts : 6.
14:15 of 2nd period - Zemgus Girgensons wins face-off versus Michael Latta in neutral zone.
14:18 of 2nd period - Keaton Thompson is hit by Dylan Blujus and loses puck.
14:49 of 2nd period - Slapshot by Guillaume Desbiens.
14:49 of 2nd period - Stopped by Stephon Williams without a rebound.
14:50 of 2nd period - Michael Latta wins face-off versus Jake Evans in Senators zone.
14:51 of 2nd period - Slapshot by Rickard Rakell.
14:51 of 2nd period - Shot Blocked by Mason Geertsen.
14:53 of 2nd period - Minor Penalty to Adam Ollas-Mattsson for Hooking.
14:54 of 2nd period - Brayden Point wins face-off versus Nick Foligno in Senators zone.
15:01 of 2nd period - Wrist shot by Michael Latta.
15:01 of 2nd period - Shot Misses the Net.
15:03 of 2nd period - Slapshot by Rickard Rakell.
15:03 of 2nd period - Shot Blocked by Dylan Blujus.
15:05 of 2nd period - Wrist shot by Michael Latta.
15:05 of 2nd period - Shot Blocked by Jack Dougherty.
15:07 of 2nd period - Wrist shot by Brayden Point.
15:07 of 2nd period - Shot Blocked by Dylan Blujus.
15:09 of 2nd period - Snap shot by Brayden Point.
15:09 of 2nd period - Shot Misses the Net.
15:27 of 2nd period - Nick Foligno is hit by Guillaume Desbiens and loses puck.
15:46 of 2nd period - Jack Dougherty is hit by Michal Jordan and loses puck.
16:01 of 2nd period - Snap shot by Maxim Letunov.
16:01 of 2nd period - Shot Misses the Net.
16:29 of 2nd period - Slapshot by Patrick Maroon.
16:29 of 2nd period - Shot Blocked by Michal Jordan.
16:35 of 2nd period - Patrick Maroon is hit by Michael Latta and loses puck.
16:46 of 2nd period - Matt Frattin is hit by Niklas Hansson and loses puck.
16:53 of 2nd period - Penalty to Adam Ollas-Mattsson is over, Adam Ollas-Mattsson is back on ice.
16:56 of 2nd period - Off-side.
16:57 of 2nd period - Jake Virtanen wins face-off versus Andy Andreoff in neutral zone.
17:04 of 2nd period - Slapshot by Andy Andreoff.
17:04 of 2nd period - Stopped by Igor Bobkov without a rebound.
17:05 of 2nd period - Cédric Lalonde-McNicoll wins face-off versus Blake Coleman in Remparts zone.
17:16 of 2nd period - Slapshot by Cédric Lalonde-McNicoll.
17:16 of 2nd period - Shot Blocked by Jack Dougherty.
17:18 of 2nd period - Backhand shot by William Colbert.
17:18 of 2nd period - Deflect By Dylan Blujus.
17:18 of 2nd period - Stopped by Stephon Williams with a rebound.
17:20 of 2nd period - Snap shot by Roberts Lipsbergs.
17:20 of 2nd period - Goal by Roberts Lipsbergs - Senators : 1 - Remparts : 7.
17:21 of 2nd period - Zemgus Girgensons wins face-off versus Michael Latta in neutral zone.
17:24 of 2nd period - Wrist shot by Matt Frattin.
17:24 of 2nd period - Stopped by Igor Bobkov with a rebound.
17:26 of 2nd period - Wrist shot by Nick Foligno.
17:26 of 2nd period - Stopped by Igor Bobkov with a rebound.
17:28 of 2nd period - Slapshot by Matt Frattin.
17:28 of 2nd period - Shot Blocked by William Colbert.
17:30 of 2nd period - Wrist shot by Zemgus Girgensons.
17:30 of 2nd period - Shot Misses the Net.
17:32 of 2nd period - Snap shot by Dylan Blujus.
17:32 of 2nd period - Goal by Dylan Blujus - Senators : 2 - Remparts : 7.
17:33 of 2nd period - Zemgus Girgensons wins face-off versus Michael Latta in neutral zone.
17:58 of 2nd period - Chandler Stephenson is hit by Guillaume Desbiens and loses puck.
18:23 of 2nd period - Snap shot by Chandler Stephenson.
18:23 of 2nd period - Shot Misses the Net.
18:25 of 2nd period - Slapshot by Dylan Blujus.
18:25 of 2nd period - Stopped by Igor Bobkov with a rebound.
18:29 of 2nd period - Snap shot by Jake Evans.
18:29 of 2nd period - Goal by Jake Evans - Senators : 3 - Remparts : 7.
18:30 of 2nd period - Michael Latta wins face-off versus Zemgus Girgensons in neutral zone.
18:33 of 2nd period - Slapshot by Michael Latta.
18:33 of 2nd period - Deflect By Pontus Aberg.
18:33 of 2nd period - Shot Misses the Net.
18:33 of 2nd period - Puck is out of play.
18:34 of 2nd period - Michael Latta wins face-off versus Zemgus Girgensons in Senators zone.
19:13 of 2nd period - Snap shot by Rickard Rakell.
19:13 of 2nd period - Shot Misses the Net.
Goals for this period are 2 for Senators vs 4 for Remparts.
Shots for this period are 13 for Senators vs 13 for Remparts.
3rd period
0:01 of 3rd period - Zemgus Girgensons wins face-off versus Michael Latta in neutral zone.
0:40 of 3rd period - Snap shot by Jan Mursak.
0:40 of 3rd period - Deflect By Chandler Stephenson.
0:40 of 3rd period - Stopped by Igor Bobkov without a rebound.
0:41 of 3rd period - Jake Evans wins face-off versus Michael Latta in Remparts zone.
0:42 of 3rd period - Snap shot by Michal Repik.
0:42 of 3rd period - Goal by Michal Repik - Senators : 4 - Remparts : 7.
0:43 of 3rd period - Zemgus Girgensons wins face-off versus Michael Latta in neutral zone.
0:52 of 3rd period - Wrist shot by Nick Foligno.
0:52 of 3rd period - Deflect By Matt Frattin.
0:52 of 3rd period - Shot Misses the Net.
0:52 of 3rd period - Puck is out of play.
0:53 of 3rd period - Zemgus Girgensons wins face-off versus Michael Latta in Remparts zone.
1:00 of 3rd period - Wrist shot by Nick Foligno.
1:00 of 3rd period - Stopped by Igor Bobkov without a rebound.
1:01 of 3rd period - Michael Latta wins face-off versus Zemgus Girgensons in Remparts zone.
1:11 of 3rd period - Snap shot by Matt Frattin.
1:11 of 3rd period - Stopped by Igor Bobkov without a rebound.
1:12 of 3rd period - Michael Latta wins face-off versus Zemgus Girgensons in Remparts zone.
1:19 of 3rd period - Snap shot by Michael Latta.
1:19 of 3rd period - Shot Misses the Net.
1:21 of 3rd period - Slapshot by Michal Jordan.
1:21 of 3rd period - Shot Misses the Net.
1:23 of 3rd period - Slapshot by Michal Jordan.
1:23 of 3rd period - Deflect By Michael Latta.
1:23 of 3rd period - Stopped by Stephon Williams without a rebound.
1:24 of 3rd period - Zemgus Girgensons wins face-off versus Michael Latta in Senators zone.
1:57 of 3rd period - Slapshot by Jonathan Matsumoto.
1:57 of 3rd period - Shot Misses the Net.
2:15 of 3rd period - Michal Repik is hit by Brayden Point and loses puck.
2:39 of 3rd period - Snap shot by Jake Virtanen.
2:39 of 3rd period - Stopped by Stephon Williams without a rebound.
2:40 of 3rd period - Zemgus Girgensons wins face-off versus Rickard Rakell in Senators zone.
2:40 of 3rd period - Zemgus Girgensons is hit by Michael Latta.
3:06 of 3rd period - Adam Ollas-Mattsson is hit by Guillaume Desbiens and loses puck.
3:15 of 3rd period - Slapshot by Tomas Jurco.
3:15 of 3rd period - Shot Blocked by John Draeger.
3:51 of 3rd period - Wrist shot by Jake Evans.
3:51 of 3rd period - Deflect By Grant Besse.
3:51 of 3rd period - Stopped by Igor Bobkov with a rebound.
4:15 of 3rd period - Wrist shot by Jan Mursak.
4:15 of 3rd period - Stopped by Igor Bobkov with a rebound.
4:21 of 3rd period - Snap shot by Jan Mursak.
4:21 of 3rd period - Stopped by Igor Bobkov without a rebound.
4:22 of 3rd period - Zemgus Girgensons wins face-off versus Michael Latta in Remparts zone.
4:23 of 3rd period - Wrist shot by Matt Frattin.
4:23 of 3rd period - Stopped by Igor Bobkov with a rebound.
4:59 of 3rd period - Wrist shot by Tomas Jurco.
4:59 of 3rd period - Stopped by Igor Bobkov without a rebound.
5:00 of 3rd period - Brayden Point wins face-off versus Jake Evans in Remparts zone.
5:04 of 3rd period - Off-side.
5:05 of 3rd period - Jake Evans wins face-off versus Brayden Point in neutral zone.
6:03 of 3rd period - Slapshot by Matt Frattin.
6:03 of 3rd period - Stopped by Igor Bobkov without a rebound.
6:04 of 3rd period - Jonathan Matsumoto wins face-off versus Jan Mursak in Remparts zone.
6:42 of 3rd period - Michal Jordan is hit by Blake Coleman and loses puck.
6:43 of 3rd period - Michal Jordan from Remparts is injured at 6:43 of 3rd period (Groin).
6:44 of 3rd period - Zemgus Girgensons wins face-off versus Michael Latta in Remparts zone.
6:45 of 3rd period - Snap shot by Matt Frattin.
6:45 of 3rd period - Shot Misses the Net.
7:37 of 3rd period - Snap shot by Michal Repik.
7:37 of 3rd period - Shot Misses the Net.
7:57 of 3rd period - Blake Coleman is hit by Roberts Lipsbergs and loses puck.
9:32 of 3rd period - Minor Penalty to John Draeger for Hooking.
9:33 of 3rd period - Cédric Lalonde-McNicoll wins face-off versus Zemgus Girgensons in Remparts zone.
9:33 of 3rd period - Cédric Lalonde-McNicoll is hit by Nick Foligno.
10:59 of 3rd period - Niklas Hansson is hit by Adam Ollas-Mattsson and loses puck.
11:32 of 3rd period - Penalty to John Draeger is over, John Draeger is back on ice.
11:48 of 3rd period - William Colbert is hit by Tomas Jurco.
12:01 of 3rd period - Icing by Chandler Stephenson.
12:02 of 3rd period - Chandler Stephenson wins face-off versus Brayden Point in Senators zone.
12:20 of 3rd period - Wrist shot by Jan Mursak.
12:20 of 3rd period - Stopped by Igor Bobkov without a rebound.
12:21 of 3rd period - Pontus Aberg wins face-off versus Zemgus Girgensons in Remparts zone.
12:21 of 3rd period - Pontus Aberg is hit by Mason Geertsen.
12:27 of 3rd period - Snap shot by Michael Latta.
12:27 of 3rd period - Shot Misses the Net.
12:34 of 3rd period - Minor Penalty to Logan Stephenson for Tripping.
12:35 of 3rd period - Zemgus Girgensons wins face-off versus Cédric Lalonde-McNicoll in Remparts zone.
12:36 of 3rd period - Wrist shot by Matt Frattin.
12:36 of 3rd period - Shot Hit the Post.
12:38 of 3rd period - Slapshot by Zemgus Girgensons.
12:38 of 3rd period - Shot Misses the Net.
12:40 of 3rd period - Slapshot by Dylan Blujus.
12:40 of 3rd period - Shot Blocked by Niklas Hansson.
12:42 of 3rd period - Snap shot by Zemgus Girgensons.
12:42 of 3rd period - Goal by Zemgus Girgensons - Senators : 5 - Remparts : 7.
12:43 of 3rd period - Zemgus Girgensons wins face-off versus Michael Latta in neutral zone.
13:02 of 3rd period - Rickard Rakell is hit by Zemgus Girgensons and loses puck.
13:47 of 3rd period - Cédric Lalonde-McNicoll is hit by Dylan Blujus and loses puck.
14:00 of 3rd period - Wrist shot by Patrick Maroon.
14:00 of 3rd period - Deflect By Jake Evans.
14:00 of 3rd period - Shot Misses the Net.
14:00 of 3rd period - Puck is out of play.
14:01 of 3rd period - Jake Evans wins face-off versus Brayden Point in Remparts zone.
14:04 of 3rd period - Wrist shot by Michal Repik.
14:04 of 3rd period - Deflect By William Colbert.
14:04 of 3rd period - Stopped by Igor Bobkov with a rebound.
14:16 of 3rd period - Slapshot by Jerry D'Amigo.
14:16 of 3rd period - Shot Misses the Net.
14:30 of 3rd period - Wrist shot by Rickard Rakell.
14:30 of 3rd period - Stopped by Stephon Williams with a rebound.
14:53 of 3rd period - Niklas Hansson is hit by Tomas Jurco and loses puck.
15:33 of 3rd period - Off-side.
15:34 of 3rd period - Jake Evans wins face-off versus Michael Latta in neutral zone.
15:43 of 3rd period - John Draeger is hit by Jack Dougherty and loses puck.
15:58 of 3rd period - Backhand shot by Michal Repik.
15:58 of 3rd period - Shot Misses the Net.
16:06 of 3rd period - Snap shot by Michal Repik.
16:06 of 3rd period - Shot Blocked by Michael Latta.
16:12 of 3rd period - Snap shot by Jake Evans.
16:12 of 3rd period - Shot Blocked by John Draeger.
16:14 of 3rd period - Snap shot by Jake Evans.
16:14 of 3rd period - Stopped by Igor Bobkov with a rebound.
16:28 of 3rd period - Slapshot by Patrick Maroon.
16:28 of 3rd period - Stopped by Igor Bobkov with a rebound.
16:30 of 3rd period - Wrist shot by Jake Evans.
16:30 of 3rd period - Shot Misses the Net.
16:42 of 3rd period - John Draeger is hit by Pontus Sjalin and loses puck.
16:56 of 3rd period - Rickard Rakell is hit by Adam Ollas-Mattsson and loses puck.
17:32 of 3rd period - Backhand shot by Pontus Aberg.
17:32 of 3rd period - Shot Blocked by Jake Evans.
17:34 of 3rd period - Slapshot by Keaton Thompson.
17:34 of 3rd period - Shot Hit the Post.
17:36 of 3rd period - Backhand shot by Niklas Hansson.
17:36 of 3rd period - Deflect By Michael Latta.
17:36 of 3rd period - Stopped by Stephon Williams with a rebound.
17:46 of 3rd period - Rickard Rakell is hit by Jack Dougherty and loses puck.
18:01 of 3rd period - Snap shot by Patrick Maroon.
18:01 of 3rd period - Deflect By Jake Evans.
18:01 of 3rd period - Shot Misses the Net.
18:01 of 3rd period - Puck is out of play.
18:02 of 3rd period - Zemgus Girgensons wins face-off versus Brayden Point in Remparts zone.
18:16 of 3rd period - Snap shot by Matt Puempel.
18:16 of 3rd period - Deflect By Brayden Point.
18:16 of 3rd period - Shot Misses the Net.
18:16 of 3rd period - Puck is out of play.
18:17 of 3rd period - Jonathan Matsumoto wins face-off versus Zemgus Girgensons in Senators zone.
19:38 of 3rd period - Nick Foligno is hit by Keaton Thompson and loses puck.
19:51 of 3rd period - Mason Geertsen is hit by Cedric Paquette and loses puck.
Goals for this period are 2 for Senators vs 0 for Remparts.
Shots for this period are 15 for Senators vs 4 for Remparts.
Back to the Top